 Dungeon Crawl Stone Soup version 0.25-a0-346-g140ab784a8 (webtiles) character file.

Game seed: 16792588959673384787, levelgen mode: deterministic

65 BritishOli the Slasher (level 3, -2/28 HPs)
             Began as a Demonspawn Gladiator on Jan 1, 2020.
             Slain by a gnoll
             ... wielding a +3 halberd
              (12 damage)
             ... on level 2 of the Dungeon.
             The game lasted 00:00:52 (832 turns).

BritishOli the Slasher (Demonspawn Gladiator)        Turns: 832, Time: 00:00:52

Health: -2/28      AC:  3    Str: 15    XL:     3   Next: 92%
Magic:  3/3        EV: 13    Int:  9    God:
Gold:   41         SH:  0    Dex: 14    Spells: 2/2 levels left

rFire    . . .     SeeInvis .   a - +0 long sword
rCold    . . .     Gourm    .   (no shield)
rNeg     . . .     Faith    .   b - +0 leather armour
rPois    .         Spirit   .   (helmet restricted)
rElec    .         Reflect  .   (no cloak)
rCorr    .         Harm     .   (no gloves)
MR       .....                  (no boots)
Stlth    +.........             (no amulet)
HPRegen  0.09/turn              (no ring)
MPRegen  0.08/turn              (no ring)

@: no status effects
A: antennae 1, spiny 1
a: no special abilities


You were on level 2 of the Dungeon.
You were not hungry.

You visited 1 branch of the dungeon, and saw 2 of its levels.

You collected 41 gold pieces.

Inventory:

Hand Weapons
 a - a +0 long sword (weapon)
Missiles
 d - 3 throwing nets (quivered)
Armour
 b - a +0 leather armour (worn)
 c - a +0 helmet
Scrolls
 e - 6 scrolls of identify {unknown}
 g - a scroll of noise {unknown}
 i - a scroll of enchant weapon {unknown}
 k - a scroll of fear {unknown}
 l - a scroll of teleportation {unknown}
Potions
 h - a potion of flight {unknown}
 j - 2 potions of brilliance {unknown}
 m - a potion of might {unknown}
 n - a potion of curing {unknown}
 o - a potion of agility {unknown}
Comestibles
 f - 5 rations


   Skills:
 + Level 2.6 Fighting
 * Level 3.4 Long Blades
 - Level 2.0 Throwing
 + Level 0.9 Armour
 + Level 3.1 Dodging


You had 2 spell levels left.
You didn't know any spells.
Your spell library was empty.

Dungeon Overview and Level Annotations

Branches:
Dungeon (2/15)

Altars:


Innate Abilities, Weirdness & Mutations

You have a pair of small antennae on your head.
You are partially covered in sharp spines.


Message History

The worm closely misses you.
There are monsters nearby!
You hit the worm but do no damage.
The worm is lightly wounded.
The worm is struck by your spines. The worm bites you.
There are monsters nearby!
You hit the worm.
The worm is moderately wounded.
The gnoll hits you from afar with a +3 halberd!
There are monsters nearby!
You are too injured to fight recklessly!
There are monsters nearby!
You are too injured to fight recklessly!
You hit the worm.
The worm is moderately wounded.
The gnoll closely misses you. The worm closely misses you.
You barely miss the worm.
The worm is moderately wounded.
The gnoll hits you from afar with a +3 halberd!
You die... #.##..$.......# #.##.. #># ..........# #..... #.# ......... ####.. #.# ....... ##.... #.## ).... #..##. #..# .gg

#.#### ##.#
#g# #.# #.#
#w# ###.# #.#
#@### #...#
#.# #...##
#.### #.###
###..# #.#
#...# ##.####
#.# ###.####
#.(..# #.#
#....####....#
#.# #
####)........#
#.######
######....#
#.#.....
#....#
#...####


You could see a worm and 3 gnolls.

Vanquished Creatures
  3 adders (D:2)
  A dart slug (D:2)
  3 leopard geckos
  A ball python (D:1)
  A giant cockroach (D:1)
  6 goblins
  4 hobgoblins (D:2)
  6 bats
  3 frilled lizards
  4 kobolds (D:1)
  2 rats
34 creatures vanquished.

Notes
Turn   | Place    | Note
-------+----------+-------------------------------------------
     0 | D:1      | BritishOli the Demonspawn Gladiator began the quest for the
                  | Orb.
     0 | D:1      | Reached XP level 1. HP: 16/16 MP: 1/1
    87 | D:1      | Gained mutation: You are partially covered in sharp spines.
                  | [demonic ancestry]
    87 | D:1      | Reached XP level 2. HP: 17/22 MP: 2/2
   532 | D:2      | Gained mutation: You have a pair of small antennae on your
                  | head. [demonic ancestry]
   532 | D:2      | Reached XP level 3. HP: 25/28 MP: 3/3
   832 | D:2      | Slain by a gnoll

Levels and vault maps discovered:
D:1:      minmay_arrival_jagged, layout_basic
D:2:      layout_rooms, first_ration

Skill      XL: |  1  2 |
---------------+-------+-----
Throwing       | 2 |  2.0
Long Blades    | 3 |  3.4
Dodging        | 3 |  3.1
Fighting       | |  2.6
Armour         | |  0.9

Action                   || total
-------------------------++-------
Melee: Long sword        ||    77
 Stab: Sleeping          ||     1
Armor: Leather armour    ||    20
Dodge: Dodged            ||    68
       Rpst.: Long sword ||    18

Table legend:
 A = Non-vault XP
 B = Vault XP
 C = Vault XP percentage of total XP
 D = Non-vault monster count
 E = Vault monster count
 F = Vault count percentage of total count
                 A         B        C        D         E       F
            +---------+---------+-------+---------+---------+-------
      Total |      93 |       0 |   0.0 |      34 |       0 |   0.0
            +---------+---------+-------+---------+---------+-------
        D:1 |      23 |       0 |   0.0 |      14 |       0 |   0.0
        D:2 |      70 |       0 |   0.0 |      20 |       0 |   0.0
            +---------+---------+-------+---------+---------+-------
